General information
- name: BNet
- type: Ladder team game (AT/RT)
- host: Battle.net
- saver: HorusSunFlesh
map: MarketSquare
- players: 8
- length: 66:06
- speed: Fast
- version: 1.26 W3XP
- replay type: Public
» download(263 KB)
Players
team 1 (winner)

»
pokesm0t (
red | 30 APM | 503 actions | 16:51)
3 Demon Hunter
2 Immolation
1 Evasion
» actions
| Basic commands | 13 | |
| Build / train | 47 | |
| Enter build submenu | 17 | |
| Enter hero's abilities submenu | 3 | |
| Right click | 226 | |
| Select / deselect | 171 | |
| Use ability | 26 | |
503 total
» units
| Wisp | 13 | |
| Huntress | 5 | |
| Druid of the Talon | 1 | |
| Dryad | 4 | |
| Hippogryph | 12 | |
35 total
» upgrades
| Strength of the Wild | 2 | |
| Reinforced Hides | 1 | |
| Abolish Magic | 1 | |
| Well Spring | 1 | |
| Resistant Skin | 1 | |
6 total
» buildings
| Altar of Elders | 1 | |
| Moon Well | 6 | |
| Hunter's Hall | 1 | |
| Ancient of War | 2 | |
| Ancient of Wonders | 1 | |
| Tree of Ages | 1 | |
| Tree of Eternity | 1 | |
| Ancient of Lore | 2 | |
| Ancient of Wind | 1 | |
| Ancient Protector | 1 | |
| Tree of Life | 1 | |
18 total
» build order
00:05 Altar of Elders
00:10 Moon Well
01:22 Moon Well
01:56 Hunter's Hall
02:38 Ancient of War
02:43 Ancient of War
02:48 Ancient of Wonders
03:03 Moon Well
04:05 Tree of Ages
05:44 Moon Well
07:05 Tree of Eternity
07:08 Ancient of Lore
07:11 Ancient of Lore
07:13 Ancient of Wind
07:17 Ancient Protector
11:09 Tree of Life
12:11 Moon Well
13:42 Moon Well
LordOfThePits (
purple | 31 APM | 2037 actions | 66:06)
6 Pit Lord
2 Rain of Fire
3 Howl of Terror
1 Doom
» actions
| Assign group hotkey | 51 | |
| Basic commands | 190 | |
| Build / train | 152 | |
| ESC pressed | 24 | |
| Enter build submenu | 36 | |
| Enter hero's abilities submenu | 6 | |
| Give item / drop item | 4 | |
| Right click | 491 | |
| Select / deselect | 330 | |
| Select group hotkey | 583 | |
| Use ability | 170 | |
2037 total
» units
| Peasant | 25 | |
| Footman | 6 | |
| Sorceress | 1 | |
| Gryphon Rider | 3 | |
35 total
» upgrades
| Masonry | 5 | |
| Lumber Harvesting | 2 | |
| Sorceress Training | 2 | |
| Magic Sentry | 1 | |
| Swords | 3 | |
| Armor | 3 | |
| Cloud | 1 | |
| Storm Hammers | 1 | |
| Animal War Training | 1 | |
| Backpack | 3 | |
| Priest Training | 2 | |
| Control Magic | 1 | |
| Long Rifles | 1 | |
| Gunpowder | 1 | |
| Plating | 1 | |
28 total
» buildings
| Altar of Kings | 1 | |
| Barracks | 1 | |
| Farm | 7 | |
| Arcane Vault | 1 | |
| Town Hall | 2 | |
| Lumber Mill | 1 | |
| Scout Tower | 14 | |
| Keep | 3 | |
| Castle | 2 | |
| Arcane Sanctum | 1 | |
| Guard Tower | 21 | |
| Blacksmith | 2 | |
| Gryphon Aviary | 2 | |
58 total
» build order
01:15 Altar of Kings
01:16 Barracks
01:17 Farm
01:18 Farm
01:37 Farm
02:35 Arcane Vault
03:54 Town Hall
04:56 Lumber Mill
05:18 Scout Tower
05:19 Scout Tower
05:20 Scout Tower
05:50 Keep
05:50 Keep
08:24 Castle
08:26 Arcane Sanctum
08:30 Guard Tower
08:49 Guard Tower
08:49 Guard Tower
08:50 Guard Tower
08:54 Guard Tower
11:01 Blacksmith
11:02 Blacksmith
12:06 Gryphon Aviary
12:07 Gryphon Aviary
15:23 Scout Tower
15:23 Scout Tower
15:24 Scout Tower
15:24 Scout Tower
15:24 Scout Tower
19:40 Scout Tower
19:41 Scout Tower
19:41 Scout Tower
19:42 Scout Tower
19:43 Scout Tower
19:44 Scout Tower
19:48 Guard Tower
19:57 Farm
20:11 Guard Tower
20:11 Guard Tower
20:13 Guard Tower
20:13 Guard Tower
20:14 Guard Tower
20:14 Guard Tower
20:14 Guard Tower
20:14 Guard Tower
21:28 Farm
21:29 Farm
21:30 Farm
22:54 Town Hall
» items
| Scroll of Regeneration | 8 | |
| Boots of Speed | 1 | |
| Staff of Teleportation | 1 | |
| Ivory Tower | 6 | |
| Potion of Invisibility | 2 | |
| Lesser Clarity Potion | 3 | |
| Scroll of Town Portal | 3 | |
| Orb of Lightning | 1 | |
| Tiny Great Hall | 1 | |
26 total
SlashingRobin (
yellow | 22 APM | 798 actions | 35:36)
3 Tauren Chieftain
1 Shockwave
2 Endurance Aura
» actions
| Assign group hotkey | 27 | |
| Basic commands | 5 | |
| Build / train | 56 | |
| Enter build submenu | 13 | |
| Enter hero's abilities submenu | 3 | |
| Remove unit from queue | 1 | |
| Right click | 343 | |
| Select / deselect | 245 | |
| Select group hotkey | 32 | |
| Use ability | 69 | |
798 total
» units
| Peon | 11 | |
| Grunt | 4 | |
| Shaman | 4 | |
| Peasant | 8 | |
| Rifleman | 6 | |
| Spell Breaker | 3 | |
36 total
» upgrades
| Pillage | 1 | |
| Melee Weapons | 1 | |
| Armor | 1 | |
| Shaman Training | 2 | |
| Gunpowder | 1 | |
6 total
» buildings
| Altar of Storms | 1 | |
| Orc Burrow | 9 | |
| Barracks | 1 | |
| Voodoo Lounge | 1 | |
| War Mill | 1 | |
| Stronghold | 1 | |
| Fortress | 1 | |
| Spirit Lodge | 2 | |
| Watch Tower | 1 | |
| Great Hall | 1 | |
| Castle | 1 | |
20 total
» build order
00:07 Altar of Storms
00:09 Orc Burrow
01:19 Orc Burrow
01:32 Barracks
02:33 Voodoo Lounge
04:03 Orc Burrow
04:12 War Mill
04:14 Stronghold
05:31 Orc Burrow
05:41 Orc Burrow
07:28 Fortress
07:35 Spirit Lodge
07:37 Spirit Lodge
07:44 Watch Tower
09:06 Great Hall
16:06 Orc Burrow
16:08 Orc Burrow
16:09 Orc Burrow
16:09 Orc Burrow
31:59 Castle
» items
| Healing Salve | 2 | |
| Lesser Clarity Potion | 2 | |
| Potion of Healing | 2 | |
6 total
MyAllySucksAss (
orange | 80 APM | 1499 actions | 18:46)
4 Mountain King
3 Storm Bolt
1 Bash
1 Paladin
1 Holy Light
» actions
| Assign group hotkey | 32 | |
| Basic commands | 215 | |
| Build / train | 94 | |
| Enter build submenu | 34 | |
| Enter hero's abilities submenu | 5 | |
| Right click | 234 | |
| Select / deselect | 335 | |
| Select group hotkey | 514 | |
| Use ability | 36 | |
1499 total
» units
| Peasant | 26 | |
| Footman | 18 | |
| Spell Breaker | 30 | |
74 total
» upgrades
| Plating | 1 | |
| Defend | 1 | |
| Swords | 2 | |
| Lumber Harvesting | 1 | |
5 total
» buildings
| Lumber Mill | 1 | |
| Altar of Kings | 1 | |
| Scout Tower | 1 | |
| Blacksmith | 1 | |
| Farm | 10 | |
| Barracks | 2 | |
| Arcane Tower | 1 | |
| Keep | 4 | |
| Arcane Vault | 1 | |
| Arcane Sanctum | 2 | |
24 total
» build order
00:19 Lumber Mill
00:37 Altar of Kings
00:40 Scout Tower
00:46 Blacksmith
00:50 Farm
01:59 Barracks
02:05 Arcane Tower
02:16 Farm
02:31 Barracks
02:40 Farm
04:36 Farm
05:53 Keep
05:53 Keep
06:12 Arcane Vault
06:41 Farm
06:43 Farm
06:45 Farm
06:47 Farm
08:19 Arcane Sanctum
08:25 Arcane Sanctum
11:17 Farm
11:19 Farm
» items
| Scroll of Regeneration | 1 | |
| Scroll of Town Portal | 1 | |
2 total
team 2 (loser)

»
krause08 (
pink | 38 APM | 2483 actions | 65:21)
6 Warden
2 Shadow Strike
3 Blink
1 Spirit of Vengeance
2 Death Knight
1 Death Coil
1 Unholy Aura
» actions
| Assign group hotkey | 45 | |
| Basic commands | 117 | |
| Build / train | 137 | |
| ESC pressed | 10 | |
| Enter build submenu | 62 | |
| Enter hero's abilities submenu | 8 | |
| Give item / drop item | 3 | |
| Right click | 781 | |
| Select / deselect | 752 | |
| Select group hotkey | 427 | |
| Use ability | 138 | |
2483 total
» units
| Wisp | 31 | |
| Acolyte | 23 | |
| Ghoul | 3 | |
| Archer | 14 | |
| Crypt Fiend | 10 | |
| Dryad | 6 | |
| Druid of the Talon | 6 | |
| Chimaera | 5 | |
| Glaive Thrower | 2 | |
100 total
» upgrades
| Creature Attack | 2 | |
| Strength of the Wild | 3 | |
| Abolish Magic | 1 | |
| Druid of the Talon Training | 2 | |
| Reinforced Hides | 3 | |
| Mark of the Talon | 1 | |
| Corrosive Breath | 1 | |
| Strength of the Moon | 2 | |
| Improved Bows | 1 | |
| Vorpal Blades | 1 | |
17 total
» buildings
| Ziggurat | 7 | |
| Altar of Darkness | 1 | |
| Moon Well | 8 | |
| Altar of Elders | 2 | |
| Ancient of War | 6 | |
| Crypt | 2 | |
| Nerubian Tower | 1 | |
| Ancient of Wonders | 1 | |
| Hunter's Hall | 2 | |
| Tree of Ages | 2 | |
| Ancient Protector | 7 | |
| Tree of Life | 4 | |
| Ancient of Lore | 3 | |
| Ancient of Wind | 3 | |
| Black Citadel | 1 | |
| Spirit Tower | 3 | |
| Tree of Eternity | 2 | |
| Chimaera Roost | 5 | |
60 total
» build order
00:15 Ziggurat
00:21 Altar of Darkness
00:26 Moon Well
00:58 Altar of Elders
01:09 Ancient of War
01:14 Crypt
01:16 Nerubian Tower
01:42 Moon Well
02:14 Ziggurat
02:22 Ziggurat
02:38 Moon Well
02:52 Ancient of Wonders
03:24 Crypt
03:59 Hunter's Hall
04:06 Hunter's Hall
04:25 Tree of Ages
05:01 Moon Well
05:37 Ancient Protector
07:01 Tree of Life
07:13 Ancient of Lore
07:14 Ancient of Lore
07:15 Ancient of Lore
07:19 Ancient of Wind
07:21 Ancient of Wind
07:59 Ancient of Wind
09:06 Ancient Protector
09:08 Ancient Protector
10:15 Ancient Protector
10:39 Black Citadel
10:55 Spirit Tower
11:22 Tree of Eternity
12:22 Ziggurat
12:24 Ziggurat
12:35 Ancient Protector
12:37 Ancient Protector
12:38 Ancient Protector
13:38 Ziggurat
13:40 Ziggurat
14:41 Moon Well
14:46 Moon Well
15:30 Spirit Tower
15:31 Spirit Tower
22:34 Chimaera Roost
22:37 Chimaera Roost
22:40 Chimaera Roost
22:42 Chimaera Roost
23:00 Chimaera Roost
29:32 Ancient of War
29:39 Ancient of War
29:41 Ancient of War
30:09 Ancient of War
30:39 Ancient of War
30:52 Moon Well
30:55 Moon Well
32:23 Tree of Ages
32:28 Tree of Life
35:08 Altar of Elders
36:11 Tree of Eternity
37:44 Tree of Life
44:50 Tree of Life
» items
| Boots of Speed | 1 | |
| Scroll of Healing | 1 | |
2 total
HorusSunFlesh (
teal | 40 APM | 2616 actions | 66:06)
7 Blood Mage
3 Flame Strike
2 Siphon Mana
1 Summon Phoenix
1 Banish
» actions
| Assign group hotkey | 28 | |
| Basic commands | 372 | |
| Build / train | 87 | |
| Enter build submenu | 52 | |
| Enter hero's abilities submenu | 7 | |
| Give item / drop item | 4 | |
| Remove unit from queue | 5 | |
| Right click | 1098 | |
| Select / deselect | 427 | |
| Select group hotkey | 325 | |
| Use ability | 211 | |
2616 total
» units
| Peasant | 19 | |
| Acolyte | -3 | |
| Footman | 4 | |
| Sorceress | 2 | |
| Gryphon Rider | 6 | |
28 total
» upgrades
| Lumber Harvesting | 2 | |
| Masonry | 3 | |
| Sorceress Training | 1 | |
| Magic Sentry | 1 | |
| Swords | 3 | |
| Armor | 3 | |
| Animal War Training | 1 | |
| Storm Hammers | 1 | |
| Gunpowder | 1 | |
16 total
» buildings
| Farm | 3 | |
| Altar of Kings | 1 | |
| Barracks | 1 | |
| Arcane Vault | 1 | |
| Scout Tower | 31 | |
| Arcane Tower | 2 | |
| Keep | 1 | |
| Lumber Mill | 1 | |
| Town Hall | 5 | |
| Guard Tower | 8 | |
| Arcane Sanctum | 1 | |
| Castle | 1 | |
| Blacksmith | 2 | |
| Sacrificial Pit | 1 | |
| Gryphon Aviary | 4 | |
| Workshop | 3 | |
66 total
» build order
00:52 Farm
00:54 Altar of Kings
00:56 Barracks
01:13 Farm
01:37 Arcane Vault
01:50 Farm
02:18 Scout Tower
03:19 Arcane Tower
03:38 Keep
03:43 Lumber Mill
04:54 Town Hall
04:58 Scout Tower
04:58 Scout Tower
04:58 Scout Tower
04:59 Scout Tower
05:45 Guard Tower
05:59 Scout Tower
06:00 Scout Tower
06:01 Scout Tower
07:07 Guard Tower
07:18 Arcane Sanctum
08:02 Scout Tower
08:02 Scout Tower
08:03 Scout Tower
08:09 Scout Tower
08:10 Scout Tower
08:10 Scout Tower
08:11 Scout Tower
08:14 Scout Tower
08:15 Scout Tower
08:57 Scout Tower
08:58 Scout Tower
08:59 Scout Tower
09:02 Castle
10:12 Arcane Tower
10:15 Guard Tower
11:33 Guard Tower
11:57 Blacksmith
11:58 Blacksmith
12:00 Guard Tower
13:28 Town Hall
13:32 Scout Tower
13:32 Scout Tower
13:33 Scout Tower
13:33 Scout Tower
13:35 Scout Tower
13:35 Scout Tower
13:36 Scout Tower
13:36 Scout Tower
14:00 Sacrificial Pit
14:46 Guard Tower
17:52 Gryphon Aviary
17:53 Gryphon Aviary
17:55 Gryphon Aviary
17:55 Gryphon Aviary
25:44 Scout Tower
25:45 Scout Tower
25:46 Scout Tower
26:14 Guard Tower
26:16 Guard Tower
26:54 Town Hall
30:18 Workshop
30:19 Workshop
30:23 Workshop
34:30 Town Hall
34:40 Town Hall
» items
| Scroll of Regeneration | 3 | |
| Potion of Healing | 1 | |
| Scroll of Town Portal | 3 | |
| Potion of Invisibility | 5 | |
| Boots of Speed | 1 | |
| Staff of Teleportation | 2 | |
| Periapt of Vitality | 2 | |
| Lesser Clarity Potion | 1 | |
18 total
RICEEATINGASIAN (
blue | 42 APM | 2787 actions | 66:02)
5 Blademaster
3 Wind Walk
2 Critical Strike
1 Death Knight
1 Death Coil
5 Shadow Hunter
2 Hex
3 Healing Wave
5 Tauren Chieftain
2 War Stomp
3 Endurance Aura
» actions
| Assign group hotkey | 82 | |
| Basic commands | 131 | |
| Build / train | 74 | |
| Enter build submenu | 26 | |
| Enter hero's abilities submenu | 18 | |
| Give item / drop item | 8 | |
| Right click | 876 | |
| Select / deselect | 389 | |
| Select group hotkey | 1057 | |
| Use ability | 126 | |
2787 total
» units
» upgrades
| Ranged Weapons | 3 | |
| Web | 1 | |
| Burrow | 1 | |
| Envenomed Spears | 1 | |
| Ensnare | 1 | |
| Reinforced Defenses | 1 | |
| Armor | 3 | |
11 total
» buildings
| Altar of Storms | 1 | |
| Orc Burrow | 8 | |
| War Mill | 1 | |
| Voodoo Lounge | 1 | |
| Graveyard | 1 | |
| Stronghold | 2 | |
| Watch Tower | 13 | |
| Halls of the Dead | 1 | |
| Crypt | 1 | |
| Spirit Tower | 1 | |
| Ziggurat | 1 | |
| Beastiary | 4 | |
| Fortress | 1 | |
| Great Hall | 2 | |
38 total
» build order
00:13 Altar of Storms
00:20 Orc Burrow
00:41 War Mill
01:11 Voodoo Lounge
02:06 Graveyard
02:20 Stronghold
02:20 Stronghold
02:50 Watch Tower
03:09 Watch Tower
03:12 Orc Burrow
03:33 Orc Burrow
03:54 Halls of the Dead
04:21 Crypt
04:23 Spirit Tower
04:28 Ziggurat
04:38 Watch Tower
05:29 Beastiary
05:31 Beastiary
06:12 Fortress
07:42 Orc Burrow
11:46 Orc Burrow
12:41 Watch Tower
12:42 Watch Tower
12:42 Watch Tower
12:42 Watch Tower
14:23 Beastiary
15:16 Watch Tower
15:16 Watch Tower
15:18 Watch Tower
17:03 Great Hall
17:05 Orc Burrow
17:23 Orc Burrow
18:14 Beastiary
33:44 Great Hall
33:47 Watch Tower
33:48 Watch Tower
» items
| Healing Salve | 4 | |
| Lesser Clarity Potion | 2 | |
| Orb of Lightning | 2 | |
| Scroll of Town Portal | 1 | |
| Potion of Mana | 1 | |
| Boots of Speed | 3 | |
| Staff of Teleportation | 4 | |
17 total

»
nuDebee (
green | 0 APM | 0 actions | 66:06)
Chat log
(00:07 / Allies) krause08: stay
(00:22 / Allies) HorusSunFlesh: someone taking him?
(00:29 / Allies) krause08: blue?
(00:34 / Allies) HorusSunFlesh: Pink take him
(00:40 / Allies) krause08: im across the map
(00:43 / Allies) RICEEATINGASIAN: make him go
(00:46 / Allies) RICEEATINGASIAN: fiends or gargs
(00:54 / Allies) krause08: can you take him blue
(01:22 / Allies) RICEEATINGASIAN: teal u bob?
(01:24 / Allies) krause08: blue you fucking asshole answer
(01:25 / Allies) HorusSunFlesh: Aye
(01:30 / Allies) RICEEATINGASIAN: what?
(01:32 / Allies) RICEEATINGASIAN: green?
(01:37 / Allies) krause08: take him yes no
(01:42 / Allies) RICEEATINGASIAN: yes
(01:44 / Allies) RICEEATINGASIAN: i got him
(01:46 / Allies) krause08: thank you
(02:44 / All) RICEEATINGASIAN: how much pot u smoke red
(04:28 / Allies) krause08: dotts dryad
(04:48 / Allies) RICEEATINGASIAN: wood pink?
(07:35 / Allies) RICEEATINGASIAN: middle?
(07:43 / Allies) krause08: yes
(10:18 / Allies) HorusSunFlesh: lumber
(10:36 / Allies) HorusSunFlesh: kill the burrwos
(10:41 / Allies) krause08: BLUE
(10:44 / Allies) krause08: YOU FUCKHEAD
(10:48 / Allies) krause08: CONTRL BLUE
(11:33 / Allies) RICEEATINGASIAN: come
(11:35 / Allies) RICEEATINGASIAN: lets target ojs mk
(12:21 / Allies) HorusSunFlesh: lumber pink?
(12:34 / Allies) RICEEATINGASIAN: come pink
(14:59 / Allies) RICEEATINGASIAN: pink
(15:04 / Allies) RICEEATINGASIAN: meet with me bro
(15:13 / Allies) krause08: why aren't you controlling blue
(15:35 / Allies) RICEEATINGASIAN: come
(15:37 / Allies) RICEEATINGASIAN: pink
(15:40 / All) pokesm0t: just hit
(15:45 / All) pokesm0t: were all tking over here
(16:02 / All) RICEEATINGASIAN: u wont hit me?
(16:49 / All) SlashingRobin: allie is hording 7000 gold gg
(17:51 / All) SlashingRobin: purple is this your first game online?
(18:11 / Allies) HorusSunFlesh: give sopme lumber pink
(18:17 / Allies) krause08: blue if anyone asks you to control a 2ns base decline immediately
(18:24 / All) LordOfThePits: Orange is being beaten by militia
(18:28 / All) LordOfThePits: my team is pretty mad
(19:18 / Allies) HorusSunFlesh: Some lumber pink
(19:41 / Allies) krause08: fucky ou blue
(19:52 / All) RICEEATINGASIAN: lol
(19:56 / All) RICEEATINGASIAN: no idea why pink is pissed atme
(20:03 / All) LordOfThePits: Yellow is pissed
(20:23 / All) krause08: asked him to control green and the idiot can't even do that
(20:25 / All) LordOfThePits: I am barely paying attention this game and still fought off an attempted tk with just militia
(20:30 / All) RICEEATINGASIAN: why was it my task
(20:32 / All) krause08: much less tell us he isn't doing it
(20:36 / All) RICEEATINGASIAN: we 3 did a good job of controlling him
(20:37 / All) krause08: CAUSE YOU SAID YOU WOULD
(20:46 / All) RICEEATINGASIAN: it was obvious i was reluctant to do so
(20:47 / Allies) krause08: *I did a good job
(20:53 / All) krause08: over the internet?
(20:59 / All) RICEEATINGASIAN: wat
(21:03 / All) krause08: what are you stupid?
(21:13 / All) RICEEATINGASIAN: take it easy on me pink
(21:15 / All) krause08: if you didn't want to you should have said no
(21:17 / All) RICEEATINGASIAN: i had a rough game last game
(21:18 / All) RICEEATINGASIAN: i played
(21:25 / All) krause08: I DON'T GIVE A BLOODY FUCK
(21:44 / All) SlashingRobin: purp has epic noob base so can i stay to watch it get owned?
(21:51 / All) RICEEATINGASIAN: yes yellow
(21:53 / All) RICEEATINGASIAN: yes u can
(21:55 / All) SlashingRobin: ty
(22:26 / All) LordOfThePits: Can I go AFK? This game is relatively boring trying to solo PL but only 1 UD on your team who is dead
(22:51 / All) SlashingRobin: well thats y u dont solo in 4v4
(24:26 / All) RICEEATINGASIAN: nice micro pink
(24:28 / All) RICEEATINGASIAN: lol
(24:29 / All) RICEEATINGASIAN: u bad
(24:54 / All) krause08: I love how butthurt some people get
(25:05 / All) RICEEATINGASIAN: btw i was in the game last game
(25:08 / All) HorusSunFlesh: Shut up you're not a team player
(25:14 / All) RICEEATINGASIAN: remember i aksed my friend who should get the win
(25:32 / All) HorusSunFlesh: Pink's not a team player he never contributes lumber to my war efforts
(25:40 / All) krause08: i gave yo plenty
(25:57 / All) HorusSunFlesh: Not enough
(25:59 / All) RICEEATINGASIAN: give all ur resources pink
(26:02 / All) RICEEATINGASIAN: and we'll consider
(26:04 / All) RICEEATINGASIAN: letting u win
(26:05 / All) SlashingRobin: lol we had an ally with 7000 gold who wouldnt give anything stop whining
(26:08 / All) krause08: shouldn have kept asking
(26:17 / All) LordOfThePits: He kept asking if it's my first match of 4v4
(26:18 / All) krause08: should have*
(26:21 / All) LordOfThePits: He seemed kind of mad
(26:28 / All) krause08: can't read your mind you dense retard
(26:34 / All) LordOfThePits: ANyway AFK good luck pals if I need to leave to give my team the loss let me know
(27:03 / All) krause08: i just want to find a team who's competent and not get set off so easily
(27:08 / Allies) HorusSunFlesh: Get off my land pink
(27:10 / Allies) HorusSunFlesh: This is my base now
(27:14 / All) RICEEATINGASIAN: we are competent man
(27:14 / All) krause08: lol
(27:21 / All) krause08: lies
(27:30 / Allies) HorusSunFlesh: Who has a hall here?
(27:31 / Allies) HorusSunFlesh: ME
(27:32 / Allies) HorusSunFlesh: NOT YOU
(28:16 / All) RICEEATINGASIAN: anya felgrove will live for now
(28:25 / All) RICEEATINGASIAN: fucking daggers of escape
(28:46 / All) krause08: "Oh someone called me a generic name due to my idiocy, better tk them and show how tough I canbe with the click of a button
(29:05 / All) RICEEATINGASIAN: we only tked u cuz u weren't a team player
(29:08 / All) RICEEATINGASIAN: so we had cause
(29:15 / All) krause08: how wasn't I a team player?
(29:26 / All) krause08: I was controlling green and I attacked that base
(29:44 / All) RICEEATINGASIAN: didn't give sufficient resources, got angry with allies, didnt come when asked to come
(29:49 / All) krause08: I was giving teal 500 lumber at a time
(29:51 / All) LordOfThePits: Chiming in I have maphack I was watching your side all game you weren't a team player at all
(30:03 / All) krause08: stfu purp no you didn't
(30:19 / All) krause08: teaI did too come wtf are you taling about?
(30:33 / All) krause08: I attacked red base with you and that's the only time you did
(30:49 / All) RICEEATINGASIAN: i was fighting yellow and red up top and u were late
(31:05 / All) RICEEATINGASIAN: teal u want dagger of escape or claws 15
(31:11 / All) krause08: while you were doing that I was macroing greens base
(31:19 / All) krause08: you know, the task you agreed to
(31:21 / All) RICEEATINGASIAN: it was a 3 man job pink
(31:24 / All) RICEEATINGASIAN: it wasnt my task alone
(31:29 / All) krause08: that onyly 2 man did
(31:40 / All) krause08: 1*
(31:45 / All) krause08: you didn't do any of it
(31:48 / All) krause08: I did everything
(32:28 / Allies) HorusSunFlesh: Thanks buddy
(32:42 / All) LordOfThePits: Hey yellow
(32:46 / All) LordOfThePits: I don't really feel like winning this, no
(32:50 / All) LordOfThePits: Especially after how you talked to me
(32:54 / All) LordOfThePits: If you apologise I might be motivated to
(32:54 / All) RICEEATINGASIAN: yellow talk in al chat man
(33:11 / All) LordOfThePits: And say "LordOfThePits is the greatest 4v4 player of all time"
(33:15 / All) LordOfThePits: Also, say sorry like you mean it.
(33:22 / All) LordOfThePits: Say "I sincerely apologise to my lord and master LordOfThePits"
(33:25 / All) LordOfThePits: Then I will help you
(33:26 / All) krause08: I love these, people are too prideful to do it
(33:28 / All) LordOfThePits: And get you the wi
(33:29 / All) LordOfThePits: n
(34:45 / Allies) HorusSunFlesh: Let's kill orange
(34:53 / All) HorusSunFlesh: COME ON MOTHERFUCKER YELLOW
(34:56 / All) RICEEATINGASIAN: yellow is using him
(35:04 / All) HorusSunFlesh: WANT SOME?
(35:05 / All) HorusSunFlesh: GET SOME
(35:59 / All) RICEEATINGASIAN: shall pink die?
(36:07 / All) LordOfThePits: I vote yes
(36:12 / Allies) HorusSunFlesh: No
(36:15 / Allies) HorusSunFlesh: Let's attack purple base
(36:18 / Allies) HorusSunFlesh: Let's go pink
(36:29 / All) krause08: should tealdie
(36:35 / Allies) HorusSunFlesh: Bring your shit pink let's do this
(36:48 / All) krause08: what do you think that big mass of pink on the mini map is going?
(36:53 / All) RICEEATINGASIAN: fucking gamefaqs
(36:54 / All) krause08: where
(37:06 / All) RICEEATINGASIAN: ATACK
(37:07 / All) HorusSunFlesh: It is
(37:09 / All) HorusSunFlesh: Going to HELL
(37:41 / All) RICEEATINGASIAN: fuck
(37:42 / All) RICEEATINGASIAN: mis click
(38:16 / All) RICEEATINGASIAN: ROMA VICTOR
(38:21 / All) RICEEATINGASIAN: VINI VICI VENDI
(39:45 / All) RICEEATINGASIAN: gotta let my dog out
(40:09 / All) RICEEATINGASIAN: yay
(40:11 / All) RICEEATINGASIAN: doom guard
(40:42 / Allies) HorusSunFlesh: get more staffs
(42:40 / All) krause08: killed one footman
(43:15 / All) HorusSunFlesh: Pink's as happy as a retard winning in the special olympics
(43:50 / All) krause08: durrr I'm teal and I'mteal and I'm good with coming up with 6th grade insults
(43:57 / All) RICEEATINGASIAN: lol
(43:59 / All) RICEEATINGASIAN: me 2
(44:11 / All) RICEEATINGASIAN: i read new york times i know my shit
(44:16 / All) HorusSunFlesh: Pink is the ugly, retarded redheaded step child of our team
(44:44 / All) RICEEATINGASIAN: cmon pink
(44:49 / All) RICEEATINGASIAN: u could of had a better performance
(44:56 / All) RICEEATINGASIAN: it took us 30 min to kill a warden before
(44:57 / All) krause08: i could have
(45:13 / Allies) HorusSunFlesh: Thanks made my work easier
(45:28 / All) krause08: is killing wisps really difficult for you?
(45:36 / Allies) HorusSunFlesh: Can be
(45:50 / All) krause08: yea I hear yea
(46:28 / Allies) HorusSunFlesh: I almost have 38,000 more gold than you pink
(46:38 / All) krause08: I'm jealous
(47:17 / All) HorusSunFlesh: Rank the teammates
(47:19 / All) krause08: you seem like you had a rough child hood
(47:31 / All) HorusSunFlesh: 1) green, 9001) pink
(47:46 / All) krause08: are you even in your teens?
(47:59 / All) RICEEATINGASIAN: im reading a book where some chick in it got hard nipples at a dinner party
(47:59 / All) HorusSunFlesh: I officially became a teen yesterday
(48:13 / All) HorusSunFlesh: Atlas Shrugged?
(48:19 / All) RICEEATINGASIAN: no
(48:23 / All) krause08: welcome to the club, you should kill yourself quickly
(48:29 / All) HorusSunFlesh: How old are you
(48:35 / All) krause08: 12
(48:44 / All) HorusSunFlesh: I'm older than you
(48:52 / All) krause08: no you said you were a teen
(48:55 / All) HorusSunFlesh: Smarter than you, and I just kicked your ass at your favorite video game
(49:10 / All) krause08: and I'm angry over that
(49:37 / All) HorusSunFlesh: Give your girlfriend my number I bet she wants my dick more than yours
(49:41 / All) HorusSunFlesh: This is the cock of the winner
(49:46 / All) krause08: tfw no gf
(49:53 / All) HorusSunFlesh: Do you have sisters
(49:58 / All) HorusSunFlesh: How old is your mom? Is she hot?
(50:00 / All) HorusSunFlesh: Give them all my #
(50:10 / All) HorusSunFlesh: 223-555-9955
(50:11 / All) krause08: they don't like autism
(50:26 / All) HorusSunFlesh: Is that why they keep you chained and locked up in the basement?
(50:52 / All) krause08: seriously your insults are so very childish
(51:04 / All) krause08: like they seem so pre-written
(51:11 / All) HorusSunFlesh: In other words "please stop owning me so hard seriously you're too good"
(51:15 / All) RICEEATINGASIAN: what country u from pink
(51:16 / All) LordOfThePits: Krause looks like a good man I'll have to see what he has said in the replay chatlog
(52:04 / All) krause08: this is definitely a replay keep. Whenever I want to rage I'll just reread teals comments
(52:12 / All) RICEEATINGASIAN: lol
(53:05 / All) krause08: wtf teal
(53:08 / All) krause08: why'd you do that
(53:39 / All) RICEEATINGASIAN: yes why
(53:40 / All) RICEEATINGASIAN: indeed
(53:47 / All) LordOfThePits: Krause sounds German maybe he is German
(53:50 / All) LordOfThePits: Or Swiss
(53:56 / All) krause08: Half German
(53:57 / All) LordOfThePits: Or Austrian though Austrians are Germans
(54:35 / All) RICEEATINGASIAN: gave pink control
(54:36 / All) krause08: Just imagine having teal as a kid
(54:47 / All) HorusSunFlesh: My parents thank me everyday for being born
(54:56 / All) HorusSunFlesh: "It's such a privilege to be your father"
(55:08 / All) krause08: said your two dads
(55:13 / All) HorusSunFlesh: They tell all the neighbors "My son is amazing, I'm so blessed to have him as a child"
(55:27 / All) HorusSunFlesh: I live in a nuclear family thank you very much
(55:35 / All) krause08: greedisgood 10000
(55:42 / All) krause08: whosyourdaddy
(56:06 / All) HorusSunFlesh: My mother cooked me breakfast today and said "thank you for being my son, you are incredible. You are the son without equal."
(56:40 / Allies) HorusSunFlesh: Stay for your beating, pussy
(56:59 / Allies) HorusSunFlesh: You're a bigger sissy than pink
(57:03 / Allies) HorusSunFlesh: You should be yellow
(57:08 / Allies) HorusSunFlesh: Pink is appropriately colored
(58:46 / All) HorusSunFlesh: CLUCK CLUCK CHICKEN
(58:48 / All) HorusSunFlesh: COWARD
(58:51 / All) HorusSunFlesh: yELLOW BELLY
(59:09 / All) HorusSunFlesh: COME BACK HERE CRAVEN GET YOUR PADDLING
(59:11 / All) RICEEATINGASIAN: pink did u eve nlose the previous game
(59:13 / All) RICEEATINGASIAN: on golems
(59:19 / All) RICEEATINGASIAN: oh yes u left nvm
(59:20 / All) RICEEATINGASIAN: forgot
(60:01 / All) krause08: gold teal
(60:37 / All) krause08: give green gold
(61:09 / All) HorusSunFlesh: Blue is french
(61:14 / All) HorusSunFlesh: Pink's just queer
(61:26 / All) HorusSunFlesh: WAVE THE WHITE FLAG COWARDLY RASCAL
(61:29 / All) HorusSunFlesh: SCALLYWAG
(61:38 / All) krause08: I honestly have no idea why you became so butthurt with me
(61:53 / All) HorusSunFlesh: You are the worst teammate I've ever had the misfortune of being paired with
(62:09 / All) krause08: I gave you
(62:16 / All) krause08: as much lumber as you asked for
(62:18 / All) HorusSunFlesh: BUT DID YOU GIVE ME ALL OF YOUR LUMBER?
(62:22 / All) HorusSunFlesh: Greedy lumber hoarding prick
(62:23 / All) krause08: need you watch the replay?
(62:35 / All) krause08: small minded feeble dick
(62:44 / All) HorusSunFlesh: What were you saving it for a rainy day?
(62:56 / All) krause08: you're mom is a lumber whore
(63:18 / All) HorusSunFlesh: She's made of lumber? And sells her snatch?
(63:25 / All) HorusSunFlesh: Is she related to Pinochio?
(63:36 / All) HorusSunFlesh: I AM THE GRANDSON OF PINOCHIO
(64:06 / All) HorusSunFlesh: When I tell a lie my cock grows
(64:19 / All) RICEEATINGASIAN: me 2
(64:21 / All) HorusSunFlesh: Your sister rides it and wants me to call her a good girl
(64:36 / All) krause08: or have you say "im smart"?
(64:51 / All) HorusSunFlesh: Why woul she ask that? It would make it shrink, I guess if she's had too much
(65:06 / All) krause08: lol
(65:28 / All) HorusSunFlesh: Who to lose?
(65:34 / All) RICEEATINGASIAN: i do not care
(65:52 / All) RICEEATINGASIAN: we do
(65:53 / All) HorusSunFlesh: ask Rod